woodfighter, lawful female human Samurai ------------------- ----- |.......|...|...... |...| |.-(.%|.|.-.|.---.-.|.|.- |.....|.|.....| |...|.|.. -----.|.|.----- ---.|.|.| |.|.... |...|.| ----.|.|.-------------.| M@d..| |.........|...| %----- |.........|.--- |...%<....-.| |....%....|.- |.....*...| ----------- woodfighter the Kunoichi Experience level: 9 Strength: 17 Dexterity: 18 Constitution: 18 Intelligence: 11 Wisdom: 8 Charisma: 9 Health: 0(87) Energy: 43(43) Def: 10 Gold: 0 Moves: 7486 Dungeon seed: wv223ngt8wjny2pZ Game ID: woodfighter_1534864666 Your Inventory: Weapons a - a +0 katana (weapon in hand) c - a +1 yumi (alternate weapon; not wielded) i - 37 +0 ya (in quiver) Armor e - an uncursed +0 pair of elven boots (being worn) n - an uncursed +0 pair of gauntlets of dexterity (being worn) r - an uncursed +0 mummy wrapping w - an uncursed +0 dwarvish cloak (being worn) z - an uncursed +0 orcish helm (being worn) N - an uncursed +1 elven mithril-coat (being worn) Comestibles D - 5 uncursed gunyoki O - an uncursed egg Z - an uncursed lizard corpse Rings v - a blessed +1 ring of protection (on left hand) Wands d - a wand of fire (0:3) Tools o - a +0 pick-axe q - a +0 unicorn horn s - an uncursed bag of holding u - a frost horn (0:7) y - an uncursed skeleton key W - an uncursed blindfold Gems h - an uncursed luckstone K - 2 uncursed citrines Q - an uncursed touchstone Y - an uncursed ruby Contents of the bag of holding: an uncursed lizard corpse 3 uncursed sprigs of wolfsbane a [blessed] scroll of charging a [blessed] scroll of create monster a [uncursed] scroll of enchant weapon a [blessed] scroll of water a [uncursed] spellbook of force bolt a [uncursed] spellbook of haste self a [uncursed] potion of invisibility a [blessed] potion of invisibility a [uncursed] potion of monster detection a [uncursed] potion of object detection a [uncursed] potion of polymorph a [uncursed] [+1] ring of increase damage Spells and supernatural/magical abilities: Name Level Category Fail Memory W - pray for help -- divine ? -- Your skills at the end: Miscellaneous Skills martial arts [Basic] wands [Basic] Weapon Skills short sword [Basic] long sword [Skilled] bow [Basic] Spellcasting Skills Final Attributes: You were fervently aligned. You were cold resistant. Your writing hand was ok. You were telepathic. You were somewhat stealthy. You were protected. You were fast. You were lucky. You had extra luck. Bad luck did not time out for you. Good luck did not time out for you. You are dead. Vanquished creatures: 2 giant mimics 2 quantum mechanics an ettin mummy a large dog 2 shocking spheres a large cat a human mummy an ettin zombie a giant beetle 2 lizards a horse a vampire bat 2 gnome kings 2 orc mummies a yeti a werewolf a dingo a gray unicorn a plains centaur 3 human zombies 4 fire ants 2 yellow lights a bugbear an imp a wood nymph 4 Mordor orcs an orc shaman a rock mole 3 rock piercers 3 ponies a fog cloud a violet fungus 19 gnome lords a red naga hatchling a golden naga hatchling a gray ooze 2 elf zombies a ghoul 2 straw golems a paper golem 2 giant ants a puppy 3 floating eyes a kitten a dwarf a homunculus a kobold lord 3 kobold shamans 3 iguanas 9 hill orcs 4 rothes 3 rabid rats 2 centipedes a jitterbug 5 giant bats a monkey an orc zombie 7 dwarf zombies 2 wererats 2 werejackals 2 killer bees 2 coyotes 3 acid blobs 3 large kobolds 6 geckos 2 hobgoblins 3 giant rats 6 cave spiders 2 yellow molds 2 green molds 2 red molds 62 gnomes 5 garter snakes 5 manes 2 gnome zombies 2 jackals 2 foxes 5 kobolds 5 newts 5 goblins 5 sewer rats 5 grid bugs 2 bats 7 lichens 4 kobold zombies 281 creatures vanquished. Voluntary challenges: You did not cause conflict. You were not invisible. You did not have reflection. You were not displaced. You had been an atheist until turn 1834. You used a wielded weapon 463 times, starting on turn 298. You did not apply a unicorn horn. You did not use plumbed fixtures. You did not drink any magical draughts. You read items or engraved 2 times, starting on turn 1833. You never genocided any monsters. You never polymorphed an object. You never changed form. You completed Sokoban on turn 3670, according to the rules. You used no wishes. You never split a pudding. You never wrote Elbereth's name. You never violated bushido. Dungeon overview: The Dungeons of Doom: levels 1 to 8 Level 1 a fountain a long staircase Level 2 a fountain stairs to The Gnomish Mines Level 3 Level 4 a fountain Level 5 Level 6 some fountains Level 7 Level 8 (eye) stairs to Sokoban The Gnomish Mines: levels 3 to 11 Level 3 stairs to The Dungeons of Doom Level 4 Level 5 Level 6 many shops, a temple to Amaterasu Omikami, a magic chest, some fountains, some trees Level 7 Level 8 Level 9 Level 10 Level 11 <- You were here Sokoban: levels 4 to 7 Level 4 a magic chest Level 5 Level 6 Level 7 an altar to Raijin, a magic chest stairs to The Dungeons of Doom History has recorded: On T:1 you entered the Dungeons of Doom to retrieve the Amulet of Yendor! On T:85 you reached level 2 of The Dungeons of Doom. On T:407 you reached level 3 of The Dungeons of Doom. On T:425 you reached level 1 of The Gnomish Mines. On T:522 you advanced to experience level 2. On T:617 you advanced to experience level 3. On T:627 you reached level 4 of The Dungeons of Doom. On T:864 you reached level 5 of The Dungeons of Doom. On T:972 you advanced to experience level 4. On T:1057 you reached level 6 of The Dungeons of Doom. On T:1289 you reached level 7 of The Dungeons of Doom. On T:1422 you advanced to experience level 5. On T:1617 you reached level 8 of The Dungeons of Doom. On T:1685 you reached level 4 of Sokoban. On T:1734 you advanced to experience level 6. On T:1830 you opened a magic chest. On T:2025 you reached level 3 of Sokoban. On T:2446 you reached level 2 of Sokoban. On T:2716 you reached level 1 of Sokoban. On T:2747 you advanced to experience level 7. On T:3670 you advanced to experience level 8. On T:3670 you entered the Sokoban zoo. On T:4369 you reached level 2 of The Gnomish Mines. On T:4656 you reached level 3 of The Gnomish Mines. On T:4965 you reached level 4 of The Gnomish Mines. On T:5080 you entered the Minetown temple On T:5360 you reached level 5 of The Gnomish Mines. On T:5646 you reached level 6 of The Gnomish Mines. On T:5901 you reached level 7 of The Gnomish Mines. On T:5914 you advanced to experience level 9. On T:6560 you reached level 8 of The Gnomish Mines. On T:6615 you reached level 9 of The Gnomish Mines. On T:6615 you reached the bottom of the Mines. Score breakdown: Gold: 0 ( 0 points) Experience: 9 levels ( 800 points) Exploration: 11 levels ( 300 points) Discoveries: 37 items ( 1850 points) Variety of kills: 85 monsters ( 2000 points) Major goal: Sokoban/Mines ( 1500 points) Survival: died (score multiplied by 3) Total score: 19350 Latest messages: You see here a bag. You carefully open the bag... P - a bag. You drop a bag called not holding. You stop. Your large cat is in the way! You displace your large cat. You stop exploring. The gnome zombie scratches you! You destroy the gnome zombie! You see here a gnome corpse. You are now wearing a blindfold. You can't see any more. You take off your blindfold. You can see! You hack the ettin mummy! The ettin mummy scratches you! (2x) You slash the ettin mummy! (2x) The ettin mummy scratches you! (2x) You kill the gnome! The ettin mummy scratches you! You die... Final status: Sayonara woodfighter the Samurai, killed by an ettin mummy... You died in The Gnomish Mines on dungeon level 11 with 19350 points, and 0 pieces of gold, after 7486 moves. You were level 9 with a maximum of 87 hit points when you died.